 Dungeon Crawl Stone Soup version 0.22-a0-126-g307c7c3 (webtiles) character file.

12753 GrunderHorse the Markscentaur (level 11, 0/104 HPs)
             Began as a Centaur Hunter on Jan 30, 2018.
             Was an Elder of Nemelex Xobeh.
             Slain by a meliai
             ... wielding a +0 hand axe
              (3 damage)
             ... on level 13 of the Dungeon.
             The game lasted 01:08:35 (11747 turns).

GrunderHorse the Markscentaur (Centaur Hunter)     Turns: 11747, Time: 01:08:35

Health: 0/104      AC: 11    Str: 15    XL:     11   Next: 66%
Magic:  11/11      EV: 10    Int: 10    God:    Nemelex Xobeh [****..]
Gold:   309        SH:  0    Dex: 13    Spells: 10/10 levels left

rFire    x . .     SeeInvis .   e - +2 shortbow (flame)
rCold    + + .     Gourm    .   (shield currently unavailable)
rNeg     . . .     Faith    .   I - +0 ice dragon scales
rPois    .         Spirit   .   (no helmet)
rElec    .         Reflect  .   t - +2 cloak
rCorr    .         Harm     .   k - +0 pair of gloves
MR       .....                  (no barding)
Stlth    ..........             G - amulet of regeneration
HPRegen  0.67/turn              s - ring of flight
MPRegen  0.12/turn              B - +3 ring of evasion

@: very quick
A: large, hooves 3, deformed body, speed 2, tough skin 3
a: Triple Draw, Deal Four, Renounce Religion, Evoke Flight


You were on level 13 of the Dungeon.
You worshipped Nemelex Xobeh.
Nemelex Xobeh was greatly pleased with you.
You were not hungry.

You visited 1 branch of the dungeon, and saw 11 of its levels.

You collected 508 gold pieces.
You spent 199 gold pieces at shops.

Inventory:

Hand Weapons
 a - a +2 shortbow
 e - a +2 shortbow of flaming (weapon)
 o - a +2 whip of electrocution
 A - a +2 hunting sling of velocity
 E - a +0 hand crossbow
Missiles
 h - 312 stones
 l - 11 javelins
 u - 94 bolts
 z - a throwing net
 D - 7 tomahawks
 J - 5 curare-tipped needles
 W - 18 poisoned needles
 Y - 2 arrows (quivered)
Armour
 c - +0 steam dragon scales
 k - a +0 pair of gloves (worn)
 t - a +2 cloak (worn)
 C - a +0 helmet
 I - +0 ice dragon scales (worn)
 U - a +0 helmet
Jewellery
 s - a ring of flight (left hand)
 w - an uncursed ring of protection from cold
 B - a +3 ring of evasion (right hand)
 G - an amulet of regeneration (around neck)
 Q - an uncursed ring of ice
Wands
 x - a wand of flame (66)
 y - a wand of iceblast (3)
 O - a wand of clouds (3)
 S - a wand of disintegration (21)
Scrolls
 g - 2 scrolls of magic mapping
 i - 8 scrolls of remove curse
 j - 3 scrolls of fear
 m - a scroll of amnesia
 n - 11 scrolls of teleportation
 F - a scroll of blinking
 R - a scroll of identify
 X - a scroll of brand weapon {unknown}
Potions
 p - a potion of brilliance {unknown}
 v - 2 potions of ambrosia
 H - a potion of mutation {unknown}
 L - a potion of flight {unknown}
 M - a potion of haste {unknown}
 P - a potion of might {unknown}
 Z - 2 potions of lignification
Miscellaneous
 b - a lamp of fire
 r - a plain deck of summoning {drawn: 6}
 N - a plain deck of escape {drawn: 5}
 T - a plain deck of escape
Comestibles
 f - 17 rations


   Skills:
 + Level 11.7 Fighting
 - Level 1.8 Maces & Flails
 + Level 6.5(6.6) Slings
 - Level 16.7 Bows
 - Level 1.1(4.2) Throwing
 - Level 1.3 Dodging
 - Level 0.4 Stealth
 - Level 1.0 Invocations


You had 10 spell levels left.
You didn't know any spells.

Dungeon Overview and Level Annotations

Branches:
Dungeon (10/15)            Temple (0/1) D:4            Lair (0/6) D:10
    Orc (0/2) D:9

Altars:
Ashenzari
Elyvilon
Makhleb
Nemelex Xobeh
Okawaru
Qazlal
Sif Muna
Trog
Vehumet
Wu Jian
Xom
Yredelemnul
Zin
The Shining One

Shops:
D:4 *   D:6 :   D:7 [


Innate Abilities, Weirdness & Mutations

You have hooves in place of feet.
Armour fits poorly on your strangely shaped body.
You cover ground very quickly.
You have extremely tough skin. (AC +3)


Message History

The meliai hits your hand axe of Hunnuy {chop, rElec Dex-3 Stlth+} with a hand axe.
Your hand axe of Hunnuy {chop, rElec Dex-3 Stlth+} is destroyed!
The meliai stings you!
* * * LOW HITPOINT WARNING * * *
Unknown command.
Remove which piece of jewellery? (? for menu, Esc to quit)
Okay, then.
A meliai is nearby!
Evoke which item? (* to show all) (? for menu, Esc to quit)
You draw a card...
It is Velocity.
The meliai seems to slow down.
The meliai hits you but does no damage. The meliai barely misses you.
Okay, then.
Okay, then.
Okay, then.
A meliai is nearby!
Evoke which item? (* to show all) (? for menu, Esc to quit)
You draw a card...
It is the Tomb.
Walls emerge from the floor!
The meliai hits you with a hand axe.
You die...
Your body glows slightly and disappears.

#......# .#( #......# '.
#......# #. #......# #(
#......# #. #......# #(
#......# #(
#.....#################(
#.....§@#.........)..)..
#.....#y#.÷.........)...
#...).§.§...............
#...÷...................
#............###########
######......)#..........
#.....#'#..........
#.....#)...........
#...).#............


You could see a meliai.

Vanquished Creatures
  2 vault guards (D:13)
  2 two-headed ogres
  An ugly thing (D:13)
  A rime drake (shapeshifter) (D:13)
  A kobold demonologist (D:13)
  2 hippogriffs
  A meliai zombie (D:13)
  6 yaks
  A steam dragon (D:9)
  A soldier ant (D:10)
  A water moccasin (D:9)
  An orc warrior (D:7)
  2 ice beasts
  2 sky beasts (D:7)
  A necrophage (D:10)
  5 black bears
  An eye of draining (D:13)
  A phantom (D:7)
  4 ogres
  2 centaurs
  A crocodile (D:10)
  3 bullfrogs
  A water moccasin zombie (D:8)
  5 scorpions
  2 water moccasin skeletons
  A killer bee (D:13)
  A howler monkey (D:9)
  9 wights
  2 bullfrog zombies
  6 crimson imps
  2 centaur zombies
  A quasit (D:8)
  5 orc priests
  3 hounds
  9 orc wizards
  3 iguanas
  11 worker ants
  A hound skeleton (D:7)
  A worker ant zombie (D:8)
  10 adders
  8 gnolls (D:7)
  2 shadow imps
  A worm (D:2)
  An adder skeleton (D:4)
  2 dart slugs
  3 leopard geckos
  24 orcs
  A ball python (D:3)
  8 bats
  4 giant cockroaches
  7 goblins
  A hobgoblin (D:3)
  7 jackals
  A quokka (D:8)
  6 frilled lizards
  3 kobolds (D:3)
  2 leopard gecko skeletons
  2 quokka skeletons
  A quokka zombie (D:8)
  5 rats
204 creatures vanquished.

Vanquished Creatures (collateral kills)
  Kirke (D:13)
  A vault guard (D:13)
  A two-headed ogre (D:13)
  A slime creature (D:13)
  2 yaks (D:13)
  2 vampire mosquitoes (D:13)
  A warg (D:5)
  A crimson imp (D:8)
  A quasit (D:8)
  A jelly (D:4)
  2 hounds
  A bullfrog skeleton (D:4)
  An adder (D:8)
  An orc (D:4)
  A jackal (D:7)
18 creatures vanquished.

Vanquished Creatures (others)
  A centaur warrior (D:13)
  A manticore (D:13)
  A meliai (D:13)
  3 humans (D:13)
  An orc (D:13)
7 creatures vanquished.

Grand Total: 229 creatures vanquished

Notes
Turn   | Place    | Note
-------+----------+-------------------------------------------
     0 | D:1      | GrunderHorse the Centaur Hunter began the quest for the Orb.
     0 | D:1      | Reached XP level 1. HP: 17/17 MP: 1/1
   475 | D:1      | Reached XP level 2. HP: 24/24 MP: 2/2
   577 | D:2      | Reached skill level 6 in Bows
   797 | D:2      | Found a shattered altar of Ashenzari.
  1138 | D:2      | Reached XP level 3. HP: 29/29 MP: 3/3
  1218 | D:2      | Reached skill level 7 in Bows
  1440 | D:2      | Reached XP level 4. HP: 37/37 MP: 4/4
  1737 | D:3      | Found a sparkling altar of Nemelex Xobeh.
  1741 | D:3      | Became a worshipper of Nemelex Xobeh the Trickster
  2027 | D:3      | Found a shimmering altar of Xom.
  2113 | D:3      | Received a gift from Nemelex Xobeh
  2375 | D:3      | Found a burning altar of Makhleb.
  2375 | D:3      | Found a radiant altar of Vehumet.
  2556 | D:3      | Reached skill level 8 in Bows
  2680 | D:4      | Found an ornate altar of the Wu Jian Council.
  2683 | D:4      | Reached XP level 5. HP: 42/42 MP: 5/5
  2694 | D:4      | Noticed a black bear
  2704 | D:4      | Killed a black bear
  2943 | D:4      | Reached skill level 9 in Bows
  2943 | D:4      | Reached XP level 6. HP: 51/51 MP: 6/6
  3091 | D:4      | Found Zamol's Assorted Antiques.
  3116 | D:4      | Found a staircase to the Ecumenical Temple.
  3815 | D:5      | Entered Level 5 of the Dungeon
  3815 | D:5      | Reached * piety under Nemelex Xobeh
  3904 | D:5      | Received a gift from Nemelex Xobeh
  3979 | D:5      | Reached skill level 10 in Bows
  4044 | D:5      | Found a glowing silver altar of Zin.
  4249 | D:5      | Noticed Prince Ribbit
  4277 | D:5      | Reached XP level 7. HP: 52/57 MP: 7/7
  4282 | D:5      | Noticed Prince Ribbit
  4282 | D:5      | Prince Ribbit changed into Prince Ribbit the warg
  4292 | D:5      | Killed Prince Ribbit the warg
  4316 | D:5      | Found a bloodstained altar of Trog.
  4316 | D:5      | Found an iron altar of Okawaru.
  4358 | D:5      | Found a stormy altar of Qazlal.
  4359 | D:5      | Found a white marble altar of Elyvilon.
  4359 | D:5      | Found a basalt altar of Yredelemnul.
  4497 | D:5      | Reached skill level 11 in Bows
  5015 | D:6      | Found Byvura's Book Boutique.
  5075 | D:6      | Reached ** piety under Nemelex Xobeh
  5100 | D:6      | Reached skill level 1 in Invocations
  5123 | D:6      | Reached XP level 8. HP: 61/66 MP: 8/8
  5246 | D:6      | Reached skill level 12 in Bows
  5538 | D:6      | Received a gift from Nemelex Xobeh
  6320 | D:7      | Reached skill level 13 in Bows
  6321 | D:7      | Noticed a hippogriff
  6628 | D:4      | Bought a potion of heal wounds for 100 gold pieces
  6742 | D:7      | Reached skill level 1 in Maces & Flails
  6923 | D:7      | Received a gift from Nemelex Xobeh
  6992 | D:7      | Reached *** piety under Nemelex Xobeh
  6997 | D:7      | Found Opoytel's Antique Armour Boutique.
  7027 | D:7      | Reached skill level 1 in Throwing
  7063 | D:7      | Bought a helmet for 99 gold pieces
  7129 | D:7      | Reached skill level 5 in Fighting
  7382 | D:7      | Reached XP level 9. HP: 74/74 MP: 9/9
  7516 | D:7      | Received a gift from Nemelex Xobeh
  7638 | D:7      | Reached skill level 14 in Bows
  7936 | D:8      | Found a glowing golden altar of the Shining One.
  8469 | D:8      | Received a gift from Nemelex Xobeh
  8515 | D:8      | Reached **** piety under Nemelex Xobeh
  8835 | D:8      | Reached skill level 15 in Bows
  8923 | D:8      | Found a deep blue altar of Sif Muna.
  9182 | D:9      | Found a staircase to the Orcish Mines.
  9667 | D:9      | Reached XP level 10. HP: 70/86 MP: 10/10
 10074 | D:9      | Received a gift from Nemelex Xobeh
 10194 | D:10     | Entered Level 10 of the Dungeon
 10203 | D:10     | Reached skill level 16 in Bows
 10329 | D:10     | Noticed a two-headed ogre
 10386 | D:10     | Killed a two-headed ogre
 10510 | D:10     | Found a staircase to the Lair.
 10510 | D:10     | Noticed an elephant
 10585 | D:10     | Noticed a guardian serpent
 10585 | D:10     | an elephant changed into a guardian serpent
 10592 | D:10     | You fall through a shaft for 3 floors!
 10790 | D:13     | Noticed a two-headed ogre
 10846 | D:13     | Killed a two-headed ogre
 10876 | D:13     | Noticed a two-headed ogre
 10878 | D:13     | Noticed Kirke
 10893 | D:13     | Killed Kirke
 10893 | D:13     | Reached skill level 10 in Fighting
 10898 | D:13     | Killed a two-headed ogre
 10898 | D:13     | Reached XP level 11. HP: 100/100 MP: 11/11
 10914 | D:13     | Noticed a red ugly thing
 10954 | D:13     | Killed a red ugly thing
 11229 | D:13     | Noticed a vault guard
 11229 | D:13     | Noticed a centaur warrior
 11234 | D:13     | Noticed a vault guard
 11238 | D:13     | Noticed a vault guard
 11250 | D:13     | Killed a centaur warrior
 11251 | D:13     | Killed a vault guard
 11251 | D:13     | Reached skill level 5 in Slings
 11268 | D:13     | Killed a vault guard
 11303 | D:13     | Killed a vault guard
 11673 | D:13     | Noticed a centaur warrior
 11745 | D:13     | HP: 2/104 [meliai/hand axe (8)]
 11747 | D:13     | Slain by a meliai

Vault maps used:
D:1:      moated_graveyard_arrival
D:2:      nicolae_ashenzari_panopticon, minmay_tetromino_s2
D:3:      grunt_temple_overflow_lords_of_destruction, old_standard_altar,
          nemelex_diamond_rough_becter
D:4:      old_standard_altar, minmay_temple_entry_enclosed_plants, serial_shops,
          shop, first_ration
D:5:      nicolae_overflow_crystal_walls, grunt_temple_overflow_open,
          uniq_prince_ribbit1
D:6:      serial_shops, nicolae_shop_temple_entry_statues_fountains
D:7:      serial_shops, nicolae_shop_trees, hangedman_decor_clover_reticule
D:8:      lemuel_crystal_altar, overflow_temple_1_default
D:9:      orc_0_dummy
D:10:     david_lair_generic, uniq_urug
D:13:     lightli_vaults_fourway_checkpoint, grunt_tengu_nest, elyvilon_altar_3,
          uniq_kirke

Skill      XL: |  1  2  3  4  5  6  7  8  9 10 11 |
---------------+----------------------------------+-----
Bows           | 6 7 8 9 10 11 13 15 16 | 16.7
Fighting       | 3 4 5 7 10 11 | 11.7
Invocations    | 1 |  1.0
Maces & Flails | 1 |  1.8
Throwing       | 1 |  1.1
Slings         | 2 6 |  6.5
Dodging        | |  1.3
Stealth        | |  0.4

Action                   |  1- 3 |  4- 6 |  7- 9 | 10-12 || total
-------------------------+-------+-------+-------+-------++-------
Melee: Whip              |       |       |    97 |    17 ||   114
       Kick              |       |       |    31 |     7 ||    38
       Shortbow          |       |       |     5 |       ||     5
 Fire: Shortbow          |    93 |   141 |   403 |   155 ||   792
       Hunting sling     |       |       |    15 |    45 ||    60
Throw: Throwing net      |       |     1 |     1 |       ||     2
       Javelin           |       |       |    71 |       ||    71
       Stone             |       |       |    23 |     5 ||    28
Evoke: Deck              |       |     4 |     6 |    29 ||    39
       Wand              |       |       |     2 |    11 ||    13
  Use: Scroll            |     2 |     2 |    11 |     2 ||    17
       Potion            |     1 |       |     2 |     4 ||     7
  Eat: Ration            |       |     2 |     1 |     1 ||     4
       Chunk             |       |     1 |     9 |     2 ||    12
Armor: Leather armour    |    27 |    13 |    31 |       ||    71
       Ice dragon scales |       |       |   113 |    58 ||   171
Dodge: Dodged            |    19 |    26 |   132 |    60 ||   237

Table legend:
 A = Spawn XP
 B = Non-spawn XP
 C = Spawn XP percentage of total XP
 D = Spawn monster count
 E = Non-spawn monster count
 F = Spawn count percentage of total count
 G = Total turns spent on level
                    A         B        C        D         E        F      G
               +---------+---------+-------+---------+---------+-------+---------
         Total |       0 |   18219 |   0.0 |       0 |     225 |   0.0 | 11747
               +---------+---------+-------+---------+---------+-------+---------
           D:1 |       0 |      13 |   0.0 |       0 |       7 |   0.0 |   575
           D:2 |       0 |      99 |   0.0 |       0 |      24 |   0.0 |  1016
           D:3 |       0 |      83 |   0.0 |       0 |      15 |   0.0 |  1075
           D:4 |       0 |     271 |   0.0 |       0 |      12 |   0.0 |  1205
           D:5 |       0 |     798 |   0.0 |       0 |      20 |   0.0 |  1204
           D:6 |       0 |     671 |   0.0 |       0 |      25 |   0.0 |  1549
           D:7 |       0 |    1417 |   0.0 |       0 |      34 |   0.0 |  1282
           D:8 |       0 |    1347 |   0.0 |       0 |      32 |   0.0 |  1262
           D:9 |       0 |    2140 |   0.0 |       0 |      18 |   0.0 |  1026
          D:10 |       0 |    1731 |   0.0 |       0 |       7 |   0.0 |   398
          D:13 |       0 |    9649 |   0.0 |       0 |      31 |   0.0 |  1155
               +---------+---------+-------+---------+---------+-------+---------
